 Dungeon Crawl Stone Soup version 0.31.0-32-g396128a36d (webtiles) character file.

Game seed: 13113570274140133277

43 manix the Shooter (level 3, 28/28 HPs)
             Began as a Human Wanderer on Mar 15, 2024.
             Got out of the dungeon alive.
             The game lasted 00:05:38 (893 turns).

manix the Shooter (Human Wanderer)                   Turns: 893, Time: 00:05:38

Health: 28/28      AC:  2    Str: 11    XL:     3   Next: 58%
Magic:  4/4        EV: 11    Int: 12    God:
Gold:   16         SH:  0    Dex: 15    Spells: 3/4 levels left

rFire   . . .        a - +3 sling
rCold   . . .        (no shield)
rNeg    . . .        c - +0 robe
rPois   .            (no helmet)
rElec   .            (no cloak)
rCorr   .            (no gloves)
SInv    .            (no boots)
Will    .....        (no amulet)
Stlth   +            (no ring)
HPRegen 0.24/turn    (no ring)
MPRegen 0.09/turn

%: no passive effects
@: no status effects
A: explore regen
a: no special abilities


You escaped.
You visited 1 branch of the dungeon, and saw 1 of its levels.

You collected 16 gold pieces.

Inventory:

Hand Weapons
 a - a +3 sling (weapon)
Armour
 c - a +0 robe (worn)
Scrolls
 b - a scroll of fear
 d - a scroll of blinking {unknown}
 e - a scroll of teleportation {unknown}
 f - a scroll of identify {unknown}
Potions
 g - a potion of might {unknown}
 h - a potion of curing {unknown}


   Skills:
 + Level 2.8 Fighting
 + Level 4.4 Ranged Weapons
 - Level 1.0 Spellcasting
 + Level 3.5 Conjurations


You had 3 spell levels left.
You knew the following spells:

 Your Spells              Type           Power      Damage    Failure   Level
a - Foxfire               Conj/Fire      16%        2x1d4     14%         1

Your spell library contained the following spells:

 Spells                   Type           Power      Damage    Failure   Level
 Mephitic Cloud           Conj/Alch/Air  3%         N/A       50%         3


Dungeon Overview and Level Annotations

Branches:
Dungeon (1/15)

Altars:


Innate Abilities, Weirdness & Mutations

You regain HP and MP as you explore.


Message History

g - a sedimented orange potion No target in view!
An endoplasm comes into view.
Found 10 gold pieces.
You shoot a sling bullet. The sling bullet hits the endoplasm!
You kill the endoplasm!
You hear a shout!
A kobold comes into view. It is wielding a +0 dagger.
The kobold shouts!
You see here a brown potion.
You shoot a sling bullet.
The sling bullet barely misses the kobold.
The kobold throws a stone.
The stone hits you but does no damage.
A goblin comes into view. It is wielding a +0 club.
You shoot a sling bullet.
The sling bullet barely misses the kobold.
You shoot a sling bullet.
The sling bullet closely misses the kobold.
The kobold hits you but does no damage.
You shoot a sling bullet. The sling bullet hits the kobold!
You kill the kobold!
You shoot a sling bullet. The sling bullet hits the goblin.
You kill the goblin!
h - a brown potion You see here a +0 club.
You now have 16 gold pieces (gained 10).
There is a stone staircase leading down here.
You enter the shallow water.
Moving in this stuff is going to be slow.
Partly explored, can't reach some places.
Okay, then.
Saving game... please wait.
Welcome back, manix the Human Wanderer.
Press ? for a list of commands and other information.
You enter the shallow water.
Moving in this stuff is going to be slow.
Things that are here:
2 stones; a +0 dagger
There is a staircase leading out of the dungeon here.
You have escaped!

♣.♣♣♣ ♣♣.♣♣♣. ♣.♣
♣♣♣.♣♣ ♣♣ ♣.♣♣
♣♣♣..♣♣ ♣ ♣..♣
♣..♣♣♣ ♣♣.♣♣ ♣.♣♣
♣♣..♣♣ ♣♣.♣♣
♣♣♣..♣.♣ ♣♣.♣ ♣♣
♣......♣ ♣♣.♣♣ ♣≈
♣♣..@..♣♣♣♣♣.♣.♣
♣≈≈≈
♣♣...P..♣....♣♣♣≈≈≈
♣♣♣♣♣♣P.♣P♣♣♣ ♣
♣♣♣♣♣♣


There were no monsters in sight!

Vanquished Creatures
  A dart slug (D:1)
  5 ball pythons (D:1)
  An endoplasm (D:1)
  A giant cockroach (D:1)
  6 hobgoblins (D:1)
  6 jackals (D:1)
  3 kobolds (D:1)
  2 quokkas (D:1)
  4 bats (D:1)
  2 frilled lizards (D:1)
  2 goblins (D:1)
  4 rats (D:1)
37 creatures vanquished.

Vanquished Creatures (others)
  3 foxfires (D:1)
3 creatures vanquished.

Grand Total: 40 creatures vanquished

Notes
Turn   | Place    | Note
-------+----------+-------------------------------------------
     0 | D:1      | manix the Human Wanderer began the quest for the Orb.
     0 | D:1      | manix set off with the following items: a +3 sling, a
                  | scroll of fear, a +0 robe; and the following spell
                  | memorised: Foxfire; and the following spells available to
                  | memorise: Mephitic Cloud.
     0 | D:1      | Reached XP level 1. HP: 16/16 MP: 2/2
   201 | D:1      | Reached XP level 2. HP: 22/22 MP: 3/3
   385 | D:1      | Reached XP level 3. HP: 3/28 MP: 2/4
   893 | D:$      | Got out of the dungeon alive.

Illustrated notes

Levels and vault maps discovered:
D:1:      kilobyte_arrival_exit_the_forest, layout_rooms,
          nicolae_concentric_dashed_squares_wild, minmay_crystal_water,
          minmay_tiny_reverse_x

Action                     || total
---------------------------++-------
   Fire: Sling             ||    85
   Cast: Foxfire           ||     2
 Armour: Robe              ||    31
  Dodge: Dodged            ||    28
